 Dungeon Crawl Stone Soup version 0.26-a0-610-g3e9335bbc7 (webtiles) character file.

Game seed: 6848052137895590890

91 Hores the Digger (level 4, -1/24 HPs)
             Began as a Gargoyle Earth Elementalist on Sept 4, 2020.
             Slain by a gnoll
             ... wielding a +0 spear
              (5 damage)
             ... on level 2 of the Dungeon.
             The game lasted 00:06:06 (1803 turns).

Hores the Digger (Gargoyle Earth Elementalist)      Turns: 1803, Time: 00:06:09

Health: -1/24      AC:  9    Str: 11    XL:     4   Next: 59%
Magic:  3/8        EV: 12    Int: 17    God:
Gold:   37         SH:  0    Dex: 10    Spells: 5/9 levels left

rFire    . . .     SeeInvis .   h - +0 mace
rCold    . . .     Faith    .   (no shield)
rNeg     + . .     Spirit   .   c - +0 robe
rPois    ∞         Reflect  .   (no helmet)
rElec    +         Harm     .   (no cloak)
rCorr    .                      (no gloves)
MR       .....                  (no boots)
Stlth    ++........             (no amulet)
HPRegen  0.08/turn              i - +4 ring of protection
MPRegen  0.11/turn              (no ring)

@: no status effects
A: negative energy resistance 1, electricity resistance, unbreathing,
petrification resistance, rot immunity, AC +3
a: no special abilities


You were on level 2 of the Dungeon.
You visited 1 branch of the dungeon, and saw 2 of its levels.

You collected 37 gold pieces.

Inventory:

Hand Weapons
 d - a +0 dagger
 h - a +0 mace (weapon)
Missiles
 b - 21 stones (quivered)
Armour
 c - a +0 robe (worn)
Jewellery
 i - a +4 ring of protection (left hand)
Scrolls
 a - 2 scrolls of teleportation


   Skills:
 - Level 1.5 Dodging
 - Level 2.1 Stealth
 + Level 3.1 Spellcasting
 + Level 1.5 Conjurations
   Level 0.7 Transmutations
 + Level 4.9 Earth Magic


You had 5 spell levels left.
You knew the following spells:

 Your Spells              Type           Power        Failure   Level
a - Sandblast             Erth           ###...       2%          1
b - Stone Arrow           Conj/Erth      ##....       14%         3

Your spell library contained the following spells:

 Spells                   Type           Power        Failure   Level
 Passwall                 Tmut/Erth      ##......     9%          2
 Petrify                  Tmut/Erth      ##......     47%         4
 Lee's Rapid Deconstruct  Erth           ###.......   54%         5


Dungeon Overview and Level Annotations

Branches:
Dungeon (2/15)

Altars:

Annotations:
D:2 Sigmund


Innate Abilities, Weirdness & Mutations

You are resistant to torment.
Your stone body is resilient. (AC +3)
You are immune to poison.
You resist negative energy. (rN+)
You are resistant to electric shocks. (rElec)
You can survive without breathing.
You are immune to petrification.
You are immune to rotting.


Message History

Unknown command.
The gnoll closely misses you.
The dart slug bites you but does no damage.
Things that are here:
a +0 spear; a gnoll corpse The gnoll closely misses you.
The gnoll's inner flame fades away.
The gnoll hits you from afar with a +0 spear.
* * * LOW HITPOINT WARNING * * *
The gnoll hits you but does no damage.
Casting: Sandblast (safe; 2% risk of failure)
Confirm with . or Enter, or press ? or * to list all spells.
Aiming: Sandblast (safe; 2% risk of failure)
Press: ? - help, Shift-Dir - straight line, f/p - gnoll
Aim: a gnoll, wielding a +0 spear (severely wounded, inner flame)
The blast of sand hits the gnoll but does no damage.
The gnoll is moderately wounded.
b - 21 stones The gnoll hits you from afar with a +0 spear.
You die...

#.......+
#.......#
#.......#
#.......#
#.......#
#.......###
#.........#
#.@....>..#
###gg.....#
#.......#
#.w.....#
#.......#
#.......#
#....)).#
#.......#
#########


You could see 2 gnolls and a dart slug (inner flame).

Vanquished Creatures
  Natasha (D:2)
  3 gnolls
  An ooze (D:1)
  A worm (D:2)
  A leopard gecko (D:2)
  6 hobgoblins
  2 jackals (D:2)
  2 kobolds (D:2)
  2 bats
  3 frilled lizards
  5 goblins
  3 rats
30 creatures vanquished.

Notes
Turn   | Place    | Note
-------+----------+-------------------------------------------
     0 | D:1      | Hores the Gargoyle Earth Elementalist began the quest for
                  | the Orb.
     0 | D:1      | Reached XP level 1. HP: 10/10 MP: 3/3
   396 | D:1      | Reached skill level 4 in Earth Magic
   396 | D:1      | Reached XP level 2. HP: 10/15 MP: 5/5
  1072 | D:1      | Reached XP level 3. HP: 19/19 MP: 2/7
  1306 | D:1      | Learned a level 3 spell: Stone Arrow
  1651 | D:2      | Noticed Natasha
  1660 | D:2      | Killed Natasha
  1660 | D:2      | Reached skill level 1 in Conjurations
  1660 | D:2      | Reached XP level 4. HP: 20/24 MP: 1/8
  1739 | D:2      | Noticed Sigmund
  1803 | D:2      | Slain by a gnoll

Illustrated notes

Levels and vault maps discovered:
D:1:      doesnt_arrival_eight_statues, layout_basic, minmay_stone_trees_small,
          fountainhead, minmay_parallelograms
D:2:      layout_basic, uniq_sigmund, uniq_terence, uniq_natasha

Skill      XL: |  1  2  3 |
---------------+----------+-----
Earth Magic    | 4 |  4.9
Spellcasting   | 3 |  3.1
Conjurations   | 1 |  1.5
Dodging        | |  1.5
Stealth        | |  2.1
Transmutations | |  0.7

Action                   |  1- 3 |  4- 6 || total
-------------------------+-------+-------++-------
Melee: Dagger            |    24 |       ||    24
       Mace              |    60 |    11 ||    71
 Cast: Sandblast         |    14 |    11 ||    25
  Use: Scroll            |       |     3 ||     3
       Potion            |       |     3 ||     3
 Stab: Sleeping          |     2 |       ||     2
Armor: Robe              |    42 |     9 ||    51
       Skin              |       |    85 ||    85
Dodge: Dodged            |    62 |    23 ||    85

Table legend: (Time is in decaauts)
 A = Elapsed time spent in this place.
 B = Non-inter-level travel time spent in this place.
 C = Inter-level travel time spent in this place.
 D = Time resting spent in this place.
 E = Time spent auto-exploring this place.
 F = Levels seen in this place.
 G = Mean time per level.
                   A        B        C        D        E       F      G
               +--------+--------+--------+--------+--------+-----+--------+
         Total |   1836 |   1800 |     36 |    371 |   1113 |   2 |  918.0 |
       Dungeon |   1836 |   1800 |     36 |    371 |   1113 |   2 |  918.0 |
               +--------+--------+--------+--------+--------+-----+--------+

Top non-repeatable levels by time:
     D:1: 1355 daAuts
     D:2: 480 daAuts
